Map: Triton EC

Players

Gialluca

  • Race: Protoss Protoss
  • League: Master
  • Spawn Location: 5:00

zuka - Winner!

  • Race: Protoss Protoss
  • League: Master
  • Spawn Location: 11:00

VOD

Have the link to the VOD?

Description

Time

  • Played on: Nov. 19, 2019, 3:40 p.m.
  • Length: 5:06
Show
View Real Time Build Order
Export as new Build Order

Gialluca Protoss 

Build Orders: Oracle Opening 

Get SALT Encoding   

  12  0:01  Probe  
  13  0:13  Probe  
  14  0:20  Pylon  
  14  0:25  Probe  
  15  0:38  Probe (Chrono Boost)  
  15  0:39  Gateway  
  16  0:44  Assimilator  
  16  0:49  Probe (Chrono Boost)  
  17  0:55  Probe (Chrono Boost)  
  17  0:57  Assimilator  
  18  1:07  Probe  
  19  1:13  Gateway  
  19  1:19  Probe  
  20  1:27  Cybernetics Core  
  20  1:32  Probe  
  21  1:39  Pylon  
  21  1:44  Probe  
  22  1:56  Probe  
  23  2:01  Adept (Chrono Boost)  
  23  2:02  Adept (Chrono Boost)  
  23  2:07  Warp Gate  
  27  2:11  Probe  
  28  2:17  Pylon  
  28  2:23  Pylon  
  28  2:28  Probe  
  29  2:34  Stargate  
  30  2:45  Pylon  
  30  2:49  Stalker x2  
  33  3:11  Nexus  
  32  3:18  Oracle (Chrono Boost)  
  35  3:35  Probe  
  36  3:43  Pylon  
  36  3:47  Probe, Robotics Facility  
  37  4:01  Pylon  
  37  4:03  Stalker  
  37  4:05  Sentry  
  36  4:23  Void Ray (Chrono Boost)  
  37  4:35  Stalker  
  37  4:36  Probe  
  30  4:51  Probe  
Show
View Real Time Build Order
Export as new Build Order

zuka Protoss - Winner!

Build Orders:  

Get SALT Encoding   

  12  0:01  Probe  
  13  0:13  Probe  
  14  0:17  Pylon  
  14  0:25  Probe (Chrono Boost)  
  16  0:36  Probe (Chrono Boost)  
  16  0:37  Gateway  
  16  0:41  Probe  
  16  0:46  Assimilator  
  17  0:53  Probe  
  17  0:55  Assimilator  
  18  1:06  Probe (Chrono Boost)  
  19  1:11  Gateway  
  19  1:18  Probe (Chrono Boost)  
  20  1:24  Cybernetics Core  
  20  1:26  Probe (Chrono Boost)  
  21  1:34  Pylon  
  21  1:37  Probe  
  22  1:49  Probe  
  18  2:01  Probe, Stalker  
  23  2:03  Stalker  
  23  2:06  Warp Gate  
  28  2:16  Pylon  
  28  2:20  Pylon  
  28  2:31  Stalker  
  28  2:34  Stalker  
  32  2:48  Shield Battery  
  32  2:58  Shield Battery  
  32  3:01  Stalker  
  32  3:04  Stalker  
  36  3:15  Pylon  
  36  3:22  Shield Battery  
  36  3:27  Pylon  
  36  3:45  Nexus  
  36  3:54  Stalker x2  
  40  3:59  Robotics Facility  
  40  4:05  Probe  
  41  4:17  Stalker  
  41  4:18  Probe  
  41  4:30  Probe  
  37  4:42  Probe (Chrono Boost)  
  39  4:54  Probe (Chrono Boost)  
Tags
 
Matchup
PvP
Spawn Locations
Cross Positions
Add a new tag
Caveats
  • Supply blocks, unpowered buildings, or Contaminate may cause inaccurate times.
  • Supply counts are checked every 10 seconds.